 Dungeon Crawl Stone Soup version 0.20-a0-641-g673355a (webtiles) character file.

928 AlphabetPasta the Charlatan (level 7, 0/60 HPs)
             Began as a Pale Draconian Artificer on Feb 13, 2017.
             Splashed by a jelly's acid (8 damage)
             ... on level 6 of the Dungeon.
             The game lasted 00:18:50 (6213 turns).

AlphabetPasta the Charlatan (DrAr)                  Turns: 6213, Time: 00:18:51

Health: 0/60       AC: -6    Str: 14    XL:     7   Next: 85%
Magic:  12/12      EV: 14    Int: 12    God:
Gold:   300        SH:  0    Dex: 13    Spells: 6/6 levels left

rFire    . . .     SeeInvis .   a - +0 war axe
rCold    . . .     Gourm    .   (armour unavailable)
rNeg     . . .     Faith    .   (no shield)
rPois    .         Spirit   .   (helmet restricted)
rElec    .         Reflect  .   (no cloak)
rCorr    .         Harm     .   (no gloves)
MR       .....                  (no boots)
Stlth    ++........             (no amulet)
Regen    0.2/turn               (no ring)
MPRegen  0.2/turn               (no ring)

@: corroded, very slightly contaminated, hasted, very quick
A: breathe steam, unfitting armour, cold-blooded, AC +6
a: Breathe Steam


You were on level 6 of the Dungeon.
You were not hungry.

You visited 1 branch of the dungeon, and saw 6 of its levels.

You collected 300 gold pieces.

Inventory:

Hand Weapons
 a - a +0 war axe (weapon)
 l - a +0 short sword
 x - a +0 morningstar
Armour
 j - a +0 shield
Magical Staves
 z - an uncursed staff of poison
Wands
 b - a wand of flame (40/48)
 c - a wand of enslavement (9/24)
 d - a wand of random effects (15/48)
 g - a wand of lightning (0/15)
 u - a wand of flame (21/48)
 y - a wand of polymorph (14/24)
Scrolls
 m - a scroll of amnesia
 r - a scroll of recharging
 s - 2 scrolls of teleportation
 t - a scroll of magic mapping
 v - 3 scrolls of remove curse
Potions
 e - 3 potions of magic
 i - 4 potions of curing
 n - 3 potions of ambrosia
 o - a potion of might {unknown}
 p - 3 potions of flight
 q - a potion of haste
Comestibles
 f - 3 bread rations
 h - 3 meat rations
 k - 3 royal jellies
 w - 5 chunks of flesh


   Skills:
 + Level 4.3 Fighting
 - Level 1.0 Short Blades
 * Level 4.2 Axes
 + Level 4.0 Dodging
 - Level 0.8 Stealth
 * Level 6.7 Evocations


You had 6 spell levels left.
You didn't know any spells.

Dungeon Overview and Level Annotations

Branches:
Dungeon (6/15)
 Temple: D:4-7

Altars:


Innate Abilities, Weirdness & Mutations

You can breathe blasts of scalding, opaque steam.
Your pale cyan-grey scales are hard. (AC +6)
You cannot fit into any form of body armour.
You are cold-blooded and may be slowed by cold attacks.


Message History

You are splashed with acid!
The acid burns!
The jelly misses you.
You hit the jelly.
Your hands burn!
The jelly is severely wounded.
You hit the jelly.
Your hands burn!
The jelly closely misses you. The jelly misses you. The jelly hits you.
The acid corrodes you!
You are splashed with acid!
The acid burns!
You hit the jelly but do no damage.
Your hands burn!
The jelly is severely wounded.
You hit the jelly but do no damage.
Your hands burn!
The jelly barely misses you. The jelly misses you. The jelly hits you.
* * * LOW HITPOINT WARNING * * *
You are splashed with acid!
The acid burns!
* * * LOW HITPOINT WARNING * * *
Okay, then.
You feel yourself speed up. The jelly closely misses you. x2
You are very lightly contaminated with residual magic.
The jelly hits you.
* * * LOW HITPOINT WARNING * * *
You are splashed with acid!
The acid burns!
You die...

# #... ###### # #...
#....# ### #...
####....####.. #...
#..'....'..... ####...
#.##....#####. #......
#.......#.....
#......#######.....#.####
......J.@..............>.
.......J.................
#####..%..#....###...####
#.....#.####......# #
...................# #
#.......#.####......###
#.......#.#..).........
#.....#.#.#.##########.
#.#........###.


You could see 2 jellies.

Vanquished Creatures
  An orc warrior (D:5)
  An ogre (D:5)
  A phantom (D:4)
  2 centaurs
  A crimson imp (D:6)
  A jelly (D:6)
  2 orc priests (D:5)
  A bullfrog skeleton (D:4)
  2 orc wizards
  2 iguanas (D:5)
  A hound skeleton (D:6)
  2 gnolls (D:6)
  4 adders
  A shadow imp (D:5)
  An ooze (D:2)
  2 adder skeletons (D:5)
  3 worms
  4 dart slugs
  2 leopard geckos
  23 orcs
  A giant cockroach (D:1)
  10 hobgoblins
  5 jackals
  4 quokkas
  A ball python (D:2)
  8 bats
  5 frilled lizards
  6 goblins
  A jackal skeleton (D:4)
  10 kobolds
  5 rats
113 creatures vanquished.

Vanquished Creatures (collateral kills)
  An orc wizard (D:5)
  A gnoll (D:6)
  2 orcs (D:5)
4 creatures vanquished.

Vanquished Creatures (others)
  A gnoll (D:6)
1 creature vanquished.

Grand Total: 118 creatures vanquished

Notes
Turn   | Place    | Note
-------+----------+-------------------------------------------
     0 | D:1      | AlphabetPasta the Draconian Artificer began the quest for the Orb.
     0 | D:1      | Reached XP level 1. HP: 16/16 MP: 3/3
   197 | D:1      | Reached XP level 2. HP: 19/23 MP: 4/4
   744 | D:2      | Reached XP level 3. HP: 27/29 MP: 5/5
  2043 | D:3      | Reached XP level 4. HP: 37/37 MP: 6/6
  2067 | D:3      | Reached skill level 4 in Evocations
  2577 | D:3      | Reached skill level 1 in Axes
  2869 | D:3      | Reached XP level 5. HP: 39/42 MP: 8/8
  3731 | D:4      | Noticed a phantom
  3740 | D:4      | Killed a phantom
  3740 | D:4      | Reached XP level 6. HP: 31/51 MP: 9/9
  4194 | D:5      | Entered Level 5 of the Dungeon
  4206 | D:5      | Reached skill level 5 in Evocations
  4365 | D:5      | Noticed an orc warrior
  4570 | D:5      | Killed an orc warrior
  4570 | D:5      | Your scales start taking on a pale cyan-grey colour.
  4570 | D:5      | Reached XP level 7. HP: 58/58 MP: 11/11
  4909 | D:5      | Reached skill level 6 in Evocations
  6213 | D:6      | Splashed by a jelly's acid

Vault maps used:
D:1:      mrwooster_arrival_arrow
D:2:      minmay_crystal_room
D:3:      first_bread, kennysheep_generic_room_5

Skill      XL: |  1  2  3  4  5  6  7 |
---------------+----------------------+-----
Dodging        | 2 3 4 |  4.0
Fighting       | 2 3 4 |  4.3
Evocations     | 4 5 6 |  6.7
Axes           | 1 2 3 4 |  4.2
Short Blades   | |  1.0
Stealth        | |  0.8

Action                   |  1- 3 |  4- 6 |  7- 9 || total
-------------------------+-------+-------+-------++-------
Melee: Short sword       |   172 |    15 |       ||   187
       Tailslap          |    12 |    13 |    15 ||    40
       War axe           |       |   132 |   106 ||   238
 Abil: Breathe Steam     |       |       |     1 ||     1
Evoke: Wand              |     3 |    16 |     2 ||    21
  Use: Scroll            |     6 |     3 |     6 ||    15
       Potion            |       |       |     2 ||     2
 Stab: Sleeping          |     5 |     4 |     1 ||    10
  Eat: Chunk             |     3 |     9 |     5 ||    17
Armor: Skin              |    43 |    28 |    23 ||    94
Dodge: Dodged            |    93 |   101 |    77 ||   271
